 Dungeon Crawl Stone Soup version 0.29.0-15-g675c0067aa (webtiles) character file.

Game seed: 15097362164407326709

68960 qw the Severer (level 14, -1/207 HPs)
             Began as a Minotaur Berserker on Sept 11, 2022.
             Was an Elder of Trog.
             Succumbed to Rupert's poison
             ... on level 13 of the Dungeon.
             The game lasted 00:08:30 (23872 turns).

qw the Severer (Minotaur Berserker)                Turns: 23872, Time: 00:08:31

Health: -1/207     AC: 36    Str: 36    XL:     14   Next: 88%
Magic:  13/13      EV: 13    Int:  4    God:    Trog [****..]
Gold:   1166       SH:  7    Dex: 16    Spells: 13/13 levels left

rFire   . . .      SeeInvis .   Y - +3 broad axe (protect)
rCold   x . .      Faith    .   n - +0 buckler
rNeg    + . .      Spirit   .   b - +0 plate armour
rPois   .          Reflect  .   (helmet restricted)
rElec   +          Harm     .   t - +1 cloak
rCorr   .          Rampage  .   c - +2 pair of gloves
Will    +++..                   g - +1 pair of boots "Igyph" {Regen+ Dex+6}
Stlth   ..........              (no amulet)
HPRegen 2.24/turn               p - ring of the Robin {Contam rElec rC- rN+ Str+9}
MPRegen 0.13/turn               u - +4 ring of protection

@: berserking (expiring), lethally poisoned (-1 -> -10), strong-willed, under a
protective aura, regenerating, very quick
A: horns 2, retaliatory headbutt
a: Renounce Religion, Berserk, Trog's Hand, Brothers in Arms


You were on level 13 of the Dungeon.
You worshipped Trog.
Trog was greatly pleased with you.
You visited 2 branches of the dungeon, and saw 19 of its levels.

You collected 1422 gold pieces.
You spent 256 gold pieces at shops.


Innate Abilities, Weirdness & Mutations

You have a pair of horns on your head.
You reflexively headbutt those who attack you in melee.


   Skills:
 + Level 16.4 Fighting
 - Level 18.0 Axes
 - Level 3.1 Throwing
 - Level 15.0 Armour
 - Level 10.1 Dodging
 - Level 10.0 Shields


You had 13 spell levels left.
You didn't know any spells.
Your spell library was empty.

Inventory:

Hand Weapons
 m - the +7 mace "Icre" {vamp, rF- Dex+5}
   (You found it on level 3 of the Dungeon)

   It occasionally heals its wielder for a portion of the damage dealt when it
   wounds a living foe.
   Dex:       It affects your dexterity (+5).
   rF:        It makes you vulnerable to fire.
 r - a +0 morningstar
 Y - a +3 broad axe of protection (weapon)
Missiles
 l - 3 boomerangs (quivered)
Armour
 b - a +0 plate armour (worn)
 c - a +2 pair of gloves (worn)
 g - the +1 pair of boots "Igyph" (worn) {Regen+ Dex+6}
   (You found it on level 3 of the Lair of Beasts)

   Dex:       It affects your dexterity (+6).
   Regen:     It increases your rate of health regeneration.
 n - a +0 buckler (worn)
 q - the +10 plate armour of the Bulwark {Str+4 Int-4 Dex+6}
   (You acquired it on level 7 of the Dungeon)

   Str:       It affects your strength (+4).
   Int:       It affects your intelligence (-4).
   Dex:       It affects your dexterity (+6).
 t - a +1 cloak (worn)
Jewellery
 e - a ring of fire
 j - a ring of protection from cold
 p - the ring of the Robin (left hand) {Contam rElec rC- rN+ Str+9}
   (You found it on level 5 of the Dungeon)

   [ring of positive energy]

   Str:       It affects your strength (+9).
   rC:        It makes you vulnerable to cold.
   rElec:     It insulates you from electricity.
   rN:        It protects you from negative energy.
   Contam:    It causes magical contamination when unequipped.
 u - a +4 ring of protection (right hand)
Scrolls
 a - 9 scrolls of identify
 k - 10 scrolls of teleportation
Potions
 d - 4 potions of might
 f - 6 potions of curing
 h - a potion of resistance
 i - 2 potions of cancellation
 o - 4 potions of haste
 v - a potion of mutation

Dungeon Overview and Level Annotations

Branches:
Dungeon (14/15)            Temple (0/1) D:4            Lair (5/5) D:9
  Swamp (0/4) Lair:2       Spider (0/4) Lair:2        Slime (0/5) Lair:4
    Orc (0/2) D:10         Vaults (0/5) D:14

Altars:
Dithmenos
Elyvilon
Gozag
Qazlal
Trog
Wu Jian
Xom
Yredelemnul
Zin
The Shining One

Shops:
D:9 ?

Annotations:
D:3 2 transporters
D:5 4 runed translucent doors
D:7 1 runed translucent door, Crazy Yiuf
D:14 3 runed translucent doors, Onucvo's ghost, journeyman FoFi
Lair:2 1 runed translucent door, qw's ghost, journeyman TrCA


Message History

Rupert hits you but does no damage.
You are more poisoned.
You barely miss Rupert. Your headbutt misses Rupert.
Rupert is severely wounded.
You feel extremely sick.
A centaur comes into view.
The centaur warrior shoots an arrow.
The arrow hits you.
The centaur shouts!
You slice Rupert!!
Rupert is almost dead.
You feel very sick.
Rupert hits you with a +1 triple sword of venom!!
You are lethally poisoned!
A kobold demonologist comes into view. It is wielding a +0 dagger.
You slice Rupert!!
You kill Rupert!
Trog accepts your kill.
You feel extremely sick.
You feel extremely sick.
The centaur warrior shoots an arrow.
The arrow hits you but does no damage.
The kobold demonologist miscasts a cantrip.
You hear a shout!
You feel a strong urge to attack something.
You feel extremely sick.
The centaur warrior shoots an arrow.
The arrow closely misses you.
A centaur comes into view.
You feel very sick.
The centaur wields a +0 shortbow.
The centaur shoots an arrow.
You block the arrow.
You barely miss the centaur warrior.
Your headbutt misses the centaur warrior.
You feel very sick.
The centaur warrior unwields a +0 longbow.
The centaur warrior hits you but does no damage.
The centaur warrior kicks you but does no damage.
You barely miss the centaur warrior.
You feel very sick.
You barely miss the centaur warrior.
Your headbutt misses the centaur warrior.
You die...

.#....#.......##
.......?........
............#.
#............
##.##.))........
#.......)K..K...
....###...####.
# ##....>.###
#.@##.#...##
#cc###.###..##
..c.# ..# ##..##
#.#.# #.##
##..## # #. #.
##..## . #.#
##[.# . #.# ##.#
.. #. #.#
###.###. . #.#
##.......


You could see a centaur warrior, 2 kobold demonologists and 2 centaurs.

Vanquished Creatures
  Rupert (D:13)
  Jorgrun (D:12)
  An ice dragon (Lair:5)
  3 hydras
  6 vault guards (D:14)
  2 catoblepae
  2 boulder beetles
  A two-headed ogre (D:8)
  A centaur warrior (D:14)
  2 deep elf pyromancers
  An ugly thing (D:13)
  2 wolf spiders (Lair:5)
  A manticore (D:14)
  5 cyclopes
  8 black mambas
  15 elephants
  A guardian serpent (Lair:5)
  3 torpor snails
  Maggie (D:7)
  19 cane toads
  A gargoyle (D:12)
  Psyche (D:11)
  A rime drake (Lair:4)
  9 komodo dragons
  An efreet (D:13)
  A freezing wraith (Lair:3)
  A meliai (Lair:2)
  6 trolls
  A queen bee (Lair:2)
  3 hornets
  16 polar bears
  16 blink frogs
  Grinder (D:5)
  Prince Ribbit (D:5)
  4 dream sheep (Lair:4)
  2 raiju (Lair:5)
  2 shadows
  10 wyverns
  2 wraiths
  22 yaks
  Eustachio (D:5)
  19 vampire mosquitoes
  A steam dragon (D:8)
  3 basilisks
  6 wargs (Lair:5)
  13 hell hounds (Lair:5)
  19 water moccasins
  4 sky beasts
  5 ice beasts (Lair:3)
  10 orc warriors
  18 black bears
  4 ogres
  25 wolves
  3 centaurs
  A phantom (D:5)
  6 kobold brigands
  6 gnoll sergeants
  6 bullfrogs
  7 earth elementals (D:12)
  A scorpion (D:5)
  12 wights
  38 killer bees
  An electric eel (Lair:3)
  2 howler monkeys (D:7)
  A lava snake (Lair:3)
  6 hounds
  2 orc priests
  A gnoll bouda (D:5)
  2 iguanas
  10 orc wizards
  A boggart simulacrum (D:14)
  25 gnolls
  7 adders
  4 shadow imps (D:6)
  3 white imps
  3 ufetubi
  2 worms
  5 dart slugs
  33 orcs
  6 ball pythons
  6 endoplasms
  2 giant cockroaches
  5 goblins
  6 hobgoblins
  4 jackals (D:4)
  A quokka (D:1)
  4 bats
  2 frilled lizards
  23 kobolds
  5 rats
557 creatures vanquished.

Vanquished Creatures (collateral kills)
  Snorg (D:11)
  A hydra (Lair:2)
2 creatures vanquished.

Vanquished Creatures (others)
  5 demonic plants (D:6)
  30 fungi
  95 plants
130 creatures vanquished.

Grand Total: 689 creatures vanquished

Notes
Turn   | Place    | Note
-------+----------+-------------------------------------------
     0 | D:1      | qw the Minotaur Berserker began the quest for the Orb.
     0 | D:1      | Reached XP level 1. HP: 19/19 MP: 0/0
     0 | D:1      | 0 ||| qw: Version: 0.1-a-119-g272c26d
     0 | D:1      | 0 ||| qw: Game counter: 10677
     0 | D:1      | 0 ||| qw: Always use a shield: true
     0 | D:1      | 0 ||| qw: Do Orc after D:15 true
     0 | D:1      | 0 ||| qw: Do second Lair branch before Depths: true
     0 | D:1      | 0 ||| qw: Lair rune preference: random
     0 | D:1      | 0 ||| qw: Plans: Normal
     0 | D:1      | 0 ||| PLANNING D:1-11
    79 | D:1      | Reached skill level 4 in Axes
   261 | D:1      | 261 ||| Stepping ~*~*~tactically~*~*~ (hiding).
   363 | D:1      | 363 ||| Stepping ~*~*~tactically~*~*~ (hiding).
   465 | D:1      | 465 ||| Stepping ~*~*~tactically~*~*~ (hiding).
   475 | D:1      | Reached XP level 2. HP: 25/26 MP: 1/1
   851 | D:1      | 851 ||| UPGRADING to +0 ring mail.
   861 | D:1      | 861 ||| DROPPING +0 animal skin.
   862 | D:1      | 862 ||| DROPPING amulet of magic regeneration.
   863 | D:1      | 863 ||| UPGRADING to ring of protection from cold.
   864 | D:1      | 864 ||| READING scroll labelled WAWNUX LEUJAYM.
   865 | D:1      | 865 ||| READING scroll labelled ENLOADEONT.
   866 | D:1      | 866 ||| READING scroll labelled ETERUFF SANN.
   890 | D:2      | 890 ||| Stepping ~*~*~tactically~*~*~ (hiding).
  1082 | D:2      | Reached ** piety under Trog
  1246 | D:2      | Reached skill level 5 in Axes
  1246 | D:2      | Reached XP level 3. HP: 19/31 MP: 2/2
  1540 | D:2      | 1540 ||| INVOKING Berserk.
  1671 | D:2      | Found a faded altar of an unknown god.
  2130 | D:2      | 2130 ||| UPGRADING to +0 plate armour.
  2140 | D:2      | 2140 ||| DROPPING +0 ring mail.
  2141 | D:2      | 2141 ||| READING scroll labelled KAOFAA MOUJO KUTH.
  2142 | D:2      | 2142 ||| READING scroll labelled TUSTRAS NAISMEV.
  2143 | D:2      | 2143 ||| READING 2 scrolls of identify.
  2143 | D:2      | 2143 ||| IDENTIFYING cyan potion
  2218 | D:3      | 2218 ||| Stepping ~*~*~tactically~*~*~ (hiding).
  2407 | D:3      | 2407 ||| DROPPING +0 mace of venom.
  2423 | D:3      | 2423 ||| Stepping ~*~*~tactically~*~*~ (stealth).
  2424 | D:3      | 2424 ||| Stepping ~*~*~tactically~*~*~ (stealth).
  2428 | D:3      | 2428 ||| Stepping ~*~*~tactically~*~*~ (hiding).
  2430 | D:3      | 2430 ||| Stepping ~*~*~tactically~*~*~ (hiding).
  2596 | D:3      | 2596 ||| INVOKING Berserk.
  2599 | D:3      | Reached skill level 6 in Axes
  2599 | D:3      | Reached XP level 4. HP: 39/39 MP: 3/3
  2775 | D:3      | 2775 ||| Stepping ~*~*~tactically~*~*~ (stealth).
  2857 | D:3      | Identified the +7 mace "Icre" {vamp, rF- Dex+5}
  2859 | D:3      | 2859 ||| DROPPING +0 flail.
  2861 | D:3      | Noticed a scorpion
  2863 | D:3      | Found a transporter.
  2870 | D:3      | Noticed a steam dragon
  2870 | D:3      | Noticed a gnoll sergeant
  2876 | D:3      | Found a transporter.
  2884 | D:3      | Found a stormy altar of Qazlal.
  2885 | D:3      | Found a glowing golden altar of the Shining One.
  3036 | D:3      | 3036 ||| SWAPPING to +2 vampiric hand axe.
  3037 | D:3      | 3037 ||| DROPPING +0 hand axe.
  3231 | D:3      | 3231 ||| UPGRADING to +6 ring of intelligence.
  3232 | D:3      | 3232 ||| READING 2 scrolls labelled OSOT DUEWEUFF.
  3235 | D:3      | 3235 ||| READING scroll labelled SOQUTZEUHA.
  3236 | D:3      | 3236 ||| READING scroll of teleportation.
  3337 | D:4      | Found a bloodstained altar of Trog.
  3419 | D:4      | 3419 ||| INVOKING Berserk.
  3432 | D:4      | Reached skill level 7 in Axes
  3432 | D:4      | Reached XP level 5. HP: 28/45 MP: 4/4
  3576 | D:4      | 3576 ||| Stepping ~*~*~tactically~*~*~ (stealth).
  3579 | D:4      | 3579 ||| Stepping ~*~*~tactically~*~*~ (stealth).
  3584 | D:4      | 3584 ||| Stepping ~*~*~tactically~*~*~ (stealth).
  3811 | D:4      | Found an opulent altar of Gozag.
  3877 | D:4      | 3877 ||| Stepping ~*~*~tactically~*~*~ (hiding).
  3881 | D:4      | 3881 ||| INVOKING Berserk.
  3883 | D:4      | Reached skill level 3 in Armour
  4068 | D:4      | Found a staircase to the Ecumenical Temple.
  4082 | D:4      | 4082 ||| FLEEEEING.
  4083 | D:4      | 4083 ||| FLEEEEING.
  4084 | D:4      | 4084 ||| FLEEEEING.
  4204 | D:4      | 4204 ||| READING scroll labelled HEF BOPSAESE.
  4205 | D:4      | 4205 ||| READING scroll labelled LAGARPH ICUESA.
  4216 | D:5      | Entered Level 5 of the Dungeon
  4307 | D:5      | 4307 ||| Stepping ~*~*~tactically~*~*~ (stealth).
  4322 | D:5      | Reached XP level 6. HP: 48/52 MP: 5/5
  4347 | D:5      | Found a large runed translucent door.
  4348 | D:5      | Found a large runed translucent door.
  4350 | D:5      | Found a large runed translucent door.
  4350 | D:5      | Found a large runed translucent door.
  4353 | D:5      | Noticed an orc warrior
  4381 | D:5      | 4381 ||| INVOKING Berserk.
  4385 | D:5      | Reached *** piety under Trog
  4391 | D:5      | Reached skill level 8 in Axes
  4403 | D:5      | Noticed Eustachio
  4426 | D:5      | 4426 ||| INVOKING Berserk.
  4432 | D:5      | Killed Eustachio
  4433 | D:5      | Reached skill level 9 in Axes
  4433 | D:5      | Reached XP level 7. HP: 59/59 MP: 6/6
  4485 | D:5      | 4485 ||| INVOKING Berserk.
  4515 | D:5      | Noticed a wraith
  4516 | D:5      | 4516 ||| Stepping ~*~*~tactically~*~*~ (stealth).
  4545 | D:5      | 4545 ||| Stepping ~*~*~tactically~*~*~ (stealth).
  4562 | D:5      | Killed a wraith
  4563 | D:5      | Reached skill level 10 in Axes
  4576 | D:5      | 4576 ||| FLEEEEING.
  4577 | D:5      | 4577 ||| FLEEEEING.
  4578 | D:5      | 4578 ||| FLEEEEING.
  4579 | D:5      | 4579 ||| FLEEEEING.
  4580 | D:5      | 4580 ||| FLEEEEING.
  4581 | D:5      | 4581 ||| FLEEEEING.
  4582 | D:5      | 4582 ||| FLEEEEING.
  4583 | D:5      | 4583 ||| FLEEEEING.
  4584 | D:5      | 4584 ||| FLEEEEING.
  4585 | D:5      | 4585 ||| FLEEEEING.
  4600 | D:5      | 4600 ||| FLEEEEING.
  4601 | D:5      | 4601 ||| FLEEEEING.
  4602 | D:5      | 4602 ||| FLEEEEING.
  4603 | D:5      | 4603 ||| FLEEEEING.
  4604 | D:5      | 4604 ||| FLEEEEING.
  4605 | D:5      | 4605 ||| STAIRDANCE
  4790 | D:5      | 4790 ||| STAIRDANCE
  4856 | D:5      | 4856 ||| Stepping ~*~*~tactically~*~*~ (stealth).
  4857 | D:5      | 4857 ||| FLEEEEING.
  4858 | D:5      | 4858 ||| FLEEEEING.
  4859 | D:5      | 4859 ||| FLEEEEING.
  4860 | D:5      | 4860 ||| FLEEEEING.
  4861 | D:5      | 4861 ||| FLEEEEING.
  4862 | D:5      | 4862 ||| FLEEEEING.
  4863 | D:5      | 4863 ||| FLEEEEING.
  4864 | D:5      | 4864 ||| FLEEEEING.
  4865 | D:5      | 4865 ||| FLEEEEING.
  4866 | D:5      | 4866 ||| FLEEEEING.
  4867 | D:5      | 4867 ||| FLEEEEING.
  4868 | D:5      | 4868 ||| FLEEEEING.
  4869 | D:5      | 4869 ||| FLEEEEING.
  4870 | D:5      | 4870 ||| FLEEEEING.
  4875 | D:5      | 4875 ||| FLEEEEING.
  4876 | D:5      | 4876 ||| FLEEEEING.
  4877 | D:5      | 4877 ||| FLEEEEING.
  4881 | D:5      | 4881 ||| FLEEEEING.
  4882 | D:5      | 4882 ||| FLEEEEING.
  4883 | D:5      | 4883 ||| FLEEEEING.
  4884 | D:5      | 4884 ||| FLEEEEING.
  4885 | D:5      | 4885 ||| STAIRDANCE
  5008 | D:5      | 5008 ||| Stepping ~*~*~tactically~*~*~ (stealth).
  5033 | D:5      | 5033 ||| FLEEEEING.
  5034 | D:5      | 5034 ||| FLEEEEING.
  5035 | D:5      | 5035 ||| FLEEEEING.
  5036 | D:5      | 5036 ||| FLEEEEING.
  5037 | D:5      | 5037 ||| FLEEEEING.
  5038 | D:5      | 5038 ||| FLEEEEING.
  5039 | D:5      | 5039 ||| FLEEEEING.
  5040 | D:5      | 5040 ||| FLEEEEING.
  5047 | D:5      | 5047 ||| FLEEEEING.
  5048 | D:5      | 5048 ||| FLEEEEING.
  5049 | D:5      | 5049 ||| FLEEEEING.
  5052 | D:5      | 5052 ||| FLEEEEING.
  5053 | D:5      | 5053 ||| FLEEEEING.
  5054 | D:5      | 5054 ||| FLEEEEING.
  5055 | D:5      | 5055 ||| STAIRDANCE
  5331 | D:5      | Noticed Prince Ribbit
  5333 | D:5      | 5333 ||| INVOKING Berserk.
  5341 | D:5      | Noticed Grinder
  5342 | D:5      | 5342 ||| INVOKING Trog's Hand.
  5353 | D:5      | Killed Grinder
  5354 | D:5      | Reached skill level 6 in Fighting
  5354 | D:5      | Reached XP level 8. HP: 43/71 MP: 7/7
  5354 | D:5      | Killed Prince Ribbit
  5604 | D:5      | 5604 ||| INVOKING Berserk.
  5865 | D:5      | Identified the +7 trident "Weitac" {vorpal, Contam rCorr
                  | Dex+4}
  6032 | D:5      | 6032 ||| Stepping ~*~*~tactically~*~*~ (stealth).
  6039 | D:5      | Reached skill level 11 in Axes
  6105 | D:5      | Identified the ring of the Robin {Contam rElec rC- rN+
                  | Str+9}
  6122 | D:5      | 6122 ||| UPGRADING to ring of the Robin {Contam rElec rC-
                  | rN+ Str+9}.
  6124 | D:5      | 6124 ||| UPGRADING to ring of protection from cold.
  6126 | D:5      | 6126 ||| DROPPING +6 ring of intelligence.
  6127 | D:5      | 6127 ||| DRINKING 2 silvery potions.
  6128 | D:5      | 6128 ||| READING 2 scrolls of identify.
  6128 | D:5      | 6128 ||| IDENTIFYING purple potion
  6129 | D:5      | 6129 ||| DROPPING potion of brilliance.
  6221 | D:6      | 6221 ||| Stepping ~*~*~tactically~*~*~ (stealth).
  6392 | D:6      | 6392 ||| Stepping ~*~*~tactically~*~*~ (hiding).
  6679 | D:6      | 6679 ||| STAIRDANCE
  6801 | D:5      | 6801 ||| UPGRADING to +0 pair of gloves.
  6814 | D:6      | 6814 ||| Stepping ~*~*~tactically~*~*~ (stealth).
  6815 | D:6      | 6815 ||| Stepping ~*~*~tactically~*~*~ (stealth).
  6817 | D:6      | 6817 ||| Stepping ~*~*~tactically~*~*~ (stealth).
  6820 | D:6      | 6820 ||| Stepping ~*~*~tactically~*~*~ (stealth).
  6821 | D:6      | 6821 ||| Stepping ~*~*~tactically~*~*~ (stealth).
  6824 | D:6      | 6824 ||| Stepping ~*~*~tactically~*~*~ (hiding).
  6827 | D:6      | 6827 ||| Stepping ~*~*~tactically~*~*~ (hiding).
  6860 | D:6      | 6860 ||| FLEEEEING.
  6866 | D:6      | 6866 ||| FLEEEEING.
  6867 | D:6      | 6867 ||| FLEEEEING.
  6868 | D:6      | 6868 ||| STAIRDANCE
  6984 | D:6      | Reached skill level 12 in Axes
  6984 | D:6      | Reached XP level 9. HP: 58/78 MP: 8/8
  6985 | D:6      | 6985 ||| FLEEEEING.
  6986 | D:6      | 6986 ||| FLEEEEING.
  6987 | D:6      | 6987 ||| FLEEEEING.
  6988 | D:6      | 6988 ||| FLEEEEING.
  6989 | D:6      | 6989 ||| FLEEEEING.
  6990 | D:6      | 6990 ||| FLEEEEING.
  6991 | D:6      | 6991 ||| FLEEEEING.
  6993 | D:6      | 6993 ||| FLEEEEING.
  6994 | D:6      | 6994 ||| FLEEEEING.
  6996 | D:6      | 6996 ||| FLEEEEING.
  6997 | D:6      | 6997 ||| FLEEEEING.
  6998 | D:6      | 6998 ||| FLEEEEING.
  6999 | D:6      | 6999 ||| STAIRDANCE
  7073 | D:5      | 7073 ||| READING scroll labelled NISYUPNI GYIGY.
  7459 | D:6      | 7459 ||| READING scroll labelled HICVALU ATTUP.
  7567 | D:7      | 7567 ||| INVOKING Berserk.
  8020 | D:7      | 8020 ||| Stepping ~*~*~tactically~*~*~ (stealth).
  8022 | D:7      | 8022 ||| Stepping ~*~*~tactically~*~*~ (stealth).
  8028 | D:7      | Reached skill level 13 in Axes
  8053 | D:7      | Noticed Maggie
  8054 | D:7      | 8054 ||| Stepping ~*~*~tactically~*~*~ (hiding).
  8072 | D:7      | Killed Maggie
  8154 | D:7      | 8154 ||| READING scroll of enchant armour.
  8154 | D:7      | 8154 ||| ENCHANTING +0 pair of gloves.
  8161 | D:7      | Reached **** piety under Trog
  8210 | D:7      | Found a runed translucent door.
  8211 | D:7      | Noticed Crazy Yiuf
  8245 | D:7      | 8245 ||| INVOKING Berserk.
  8353 | D:7      | 8353 ||| Stepping ~*~*~tactically~*~*~ (hiding).
  8785 | D:7      | 8785 ||| READING scroll labelled LUTTUM GUYXOZO.
  8785 | D:7      | Identified a scroll of acquirement
  8785 | D:7      | 8785 ||| ACQUIRING +10 plate armour of the Bulwark {Str+4
                  | Int-4 Dex+6}
  8785 | D:7      | Acquired the +10 plate armour of the Bulwark {Str+4 Int-4
                  | Dex+6}
  8787 | D:7      | 8787 ||| DRINKING 2 sapphire potions.
  8788 | D:7      | 8788 ||| DRINKING 2 grey potions.
  8839 | D:8      | 8839 ||| Stepping ~*~*~tactically~*~*~ (stealth).
  8857 | D:8      | 8857 ||| Stepping ~*~*~tactically~*~*~ (hiding).
  8858 | D:8      | 8858 ||| Stepping ~*~*~tactically~*~*~ (hiding).
  8859 | D:8      | 8859 ||| Stepping ~*~*~tactically~*~*~ (hiding).
  8864 | D:8      | 8864 ||| STAIRDANCE
  8867 | D:7      | Reached skill level 14 in Axes
  9057 | D:8      | Reached XP level 10. HP: 81/88 MP: 9/9
  9070 | D:8      | Noticed a two-headed ogre
  9071 | D:8      | 9071 ||| Stepping ~*~*~tactically~*~*~ (stealth).
  9072 | D:8      | 9072 ||| Stepping ~*~*~tactically~*~*~ (stealth).
  9073 | D:8      | 9073 ||| Stepping ~*~*~tactically~*~*~ (stealth).
  9079 | D:8      | 9079 ||| Stepping ~*~*~tactically~*~*~ (stealth).
  9080 | D:8      | 9080 ||| INVOKING Berserk.
  9084 | D:8      | Killed a two-headed ogre
  9140 | D:8      | 9140 ||| Stepping ~*~*~tactically~*~*~ (stealth).
  9140 | D:8      | Noticed a cyclops
  9141 | D:8      | 9141 ||| FLEEEEING.
  9142 | D:8      | 9142 ||| FLEEEEING.
  9143 | D:8      | 9143 ||| FLEEEEING.
  9144 | D:8      | 9144 ||| FLEEEEING.
  9145 | D:8      | 9145 ||| FLEEEEING.
  9146 | D:8      | 9146 ||| FLEEEEING.
  9147 | D:8      | 9147 ||| STAIRDANCE
  9387 | D:8      | 9387 ||| STAIRDANCE
  9596 | D:8      | 9596 ||| INVOKING Berserk.
  9598 | D:8      | Killed a cyclops
  9604 | D:8      | 9604 ||| STAIRDANCE
  9805 | D:8      | 9805 ||| Stepping ~*~*~tactically~*~*~ (stealth).
  9815 | D:8      | Reached skill level 9 in Fighting
  9850 | D:8      | Identified the +0 ring mail "Ixoolal" {Harm Will+ Str+2}
  9942 | D:8      | 9942 ||| Stepping ~*~*~tactically~*~*~ (hiding).
  9992 | D:8      | 9992 ||| Stepping ~*~*~tactically~*~*~ (hiding).
 10028 | D:8      | 10028 ||| READING scroll of enchant armour.
 10028 | D:8      | 10028 ||| ENCHANTING +1 pair of gloves.
 10316 | D:8      | 10316 ||| INVOKING Berserk.
 10344 | D:8      | 10344 ||| Stepping ~*~*~tactically~*~*~ (stealth).
 10374 | D:8      | 10374 ||| Stepping ~*~*~tactically~*~*~ (stealth).
 10376 | D:8      | 10376 ||| Stepping ~*~*~tactically~*~*~ (hiding).
 10377 | D:8      | 10377 ||| Stepping ~*~*~tactically~*~*~ (stealth).
 10381 | D:8      | 10381 ||| Stepping ~*~*~tactically~*~*~ (hiding).
 10409 | D:8      | 10409 ||| Stepping ~*~*~tactically~*~*~ (stealth).
 10861 | D:8      | Found a shadowy altar of Dithmenos.
 10861 | D:8      | Found an ornate altar of the Wu Jian Council.
 10959 | D:8      | 10959 ||| UPGRADING to +0 pair of boots.
 10964 | D:8      | 10964 ||| READING 2 scrolls of identify.
 10964 | D:8      | 10964 ||| IDENTIFYING black potion
 10965 | D:8      | 10965 ||| DROPPING potion of degeneration.
 11007 | D:9      | 11007 ||| STAIRDANCE
 11040 | D:9      | 11040 ||| Stepping ~*~*~tactically~*~*~ (stealth).
 11043 | D:9      | 11043 ||| INVOKING Berserk.
 11049 | D:9      | Reached skill level 9 in Armour
 11110 | D:9      | 11110 ||| Stepping ~*~*~tactically~*~*~ (stealth).
 11112 | D:9      | 11112 ||| Stepping ~*~*~tactically~*~*~ (stealth).
 11117 | D:9      | 11117 ||| Stepping ~*~*~tactically~*~*~ (stealth).
 11129 | D:9      | 11129 ||| Stepping ~*~*~tactically~*~*~ (stealth).
 11227 | D:9      | 11227 ||| Stepping ~*~*~tactically~*~*~ (hiding).
 11232 | D:9      | 11232 ||| INVOKING Berserk.
 11323 | D:9      | Found Fepuq's Magic Scroll Shoppe.
 11331 | D:9      | 11331 ||| BUYING 3 scrolls of teleportation (144 gold).
 11331 | D:9      | Bought 3 scrolls of teleportation for 144 gold pieces
 11331 | D:9      | 11331 ||| SHOPLISTING scroll of acquirement (832 gold, have
                  | 276).
 11331 | D:9      | 11331 ||| BUYING scroll of identify (32 gold).
 11331 | D:9      | Bought a scroll of identify for 32 gold pieces
 11331 | D:9      | 11331 ||| BUYING scroll of identify (32 gold).
 11331 | D:9      | Bought a scroll of identify for 32 gold pieces
 11331 | D:9      | 11331 ||| BUYING scroll of teleportation (48 gold).
 11331 | D:9      | Bought a scroll of teleportation for 48 gold pieces
 11417 | D:9      | 11417 ||| Stepping ~*~*~tactically~*~*~ (stealth).
 11419 | D:9      | 11419 ||| Stepping ~*~*~tactically~*~*~ (hiding).
 11425 | D:9      | 11425 ||| INVOKING Berserk.
 11548 | D:9      | Found a basalt altar of Yredelemnul.
 11606 | D:9      | Found a white marble altar of Elyvilon.
 11685 | D:9      | Noticed a centaur warrior
 11686 | D:9      | Noticed a seven-headed hydra
 11700 | D:9      | Found a staircase to the Lair.
 11756 | D:9      | 11756 ||| PLANNING LAIR
 11756 | D:9      | 11756 ||| UPGRADING to +0 cloak.
 11761 | D:9      | 11761 ||| DRINKING 2 coppery potions.
 11862 | D:9      | 11862 ||| READING 4 scrolls of identify.
 11862 | D:9      | 11862 ||| IDENTIFYING bubbling white potion
 11863 | D:9      | 11863 ||| DROPPING potion of lignification.
 11864 | D:9      | 11864 ||| DROPPING potion of ambrosia.
 11898 | Lair:1   | Entered Level 1 of the Lair of Beasts
 11902 | Lair:1   | 11902 ||| INVOKING Berserk.
 12016 | Lair:1   | 12016 ||| Stepping ~*~*~tactically~*~*~ (stealth).
 12017 | Lair:1   | 12017 ||| Stepping ~*~*~tactically~*~*~ (stealth).
 12018 | Lair:1   | 12018 ||| Stepping ~*~*~tactically~*~*~ (stealth).
 12024 | Lair:1   | Reached XP level 11. HP: 102/102 MP: 10/10
 12029 | Lair:1   | 12029 ||| Stepping ~*~*~tactically~*~*~ (stealth).
 12030 | Lair:1   | 12030 ||| Stepping ~*~*~tactically~*~*~ (stealth).
 12031 | Lair:1   | 12031 ||| INVOKING Berserk.
 12205 | Lair:1   | 12205 ||| Stepping ~*~*~tactically~*~*~ (stealth).
 12344 | Lair:1   | 12344 ||| Stepping ~*~*~tactically~*~*~ (stealth).
 12346 | Lair:1   | Reached skill level 12 in Fighting
 12510 | Lair:1   | 12510 ||| INVOKING Berserk.
 12879 | Lair:1   | 12879 ||| INVOKING Berserk.
 12937 | Lair:1   | 12937 ||| INVOKING Berserk.
 13075 | Lair:1   | 13075 ||| INVOKING Berserk.
 13080 | Lair:1   | Reached skill level 12 in Armour
 13254 | Lair:1   | Reached skill level 3 in Throwing
 13531 | Lair:1   | 13531 ||| UPGRADING to +4 ring of protection.
 13533 | Lair:1   | 13533 ||| READING scroll labelled DUNWAB JYPA.
 13534 | Lair:1   | 13534 ||| READING scroll labelled ZAENAE MOCISY.
 13585 | Lair:2   | 13585 ||| Stepping ~*~*~tactically~*~*~ (stealth).
 13596 | Lair:2   | 13596 ||| Stepping ~*~*~tactically~*~*~ (stealth).
 13613 | Lair:2   | 13613 ||| Stepping ~*~*~tactically~*~*~ (stealth).
 13657 | Lair:2   | 13657 ||| Stepping ~*~*~tactically~*~*~ (stealth).
 13658 | Lair:2   | 13658 ||| Stepping ~*~*~tactically~*~*~ (stealth).
 13696 | Lair:2   | 13696 ||| Stepping ~*~*~tactically~*~*~ (stealth).
 13707 | Lair:2   | 13707 ||| INVOKING Berserk.
 13758 | Lair:2   | 13758 ||| Stepping ~*~*~tactically~*~*~ (stealth).
 13799 | Lair:2   | You fall into a shaft and drop 1 floor!
 13803 | Lair:3   | 13803 ||| INVOKING Berserk.
 13811 | Lair:3   | Reached XP level 12. HP: 117/117 MP: 11/11
 13938 | Lair:3   | 13938 ||| INVOKING Berserk.
 13963 | Lair:3   | Reached skill level 6 in Dodging
 14262 | Lair:3   | 14262 ||| DROPPING amulet of faith.
 14303 | Lair:3   | Identified the +1 pair of boots "Igyph" {Regen+ Dex+6}
 14333 | Lair:3   | 14333 ||| UPGRADING to +1 pair of boots "Igyph" {Regen+
                  | Dex+6}.
 14346 | Lair:3   | 14346 ||| INVOKING Berserk.
 14346 | Lair:3   | HP: 42/175 [freezing wraith (25)]
 14653 | Lair:3   | 14653 ||| DROPPING +0 pair of boots.
 14654 | Lair:3   | 14654 ||| DROPPING ring of ice.
 14657 | Lair:3   | 14657 ||| INVOKING Brothers in Arms.
 14668 | Lair:2   | 14668 ||| INVOKING Berserk.
 14850 | Lair:2   | Noticed a seven-headed hydra
 14851 | Lair:2   | 14851 ||| INVOKING Brothers in Arms.
 14853 | Lair:2   | 14853 ||| SWAPPING to +7 mace "Icre" {vamp, rF- Dex+5}.
 14854 | Lair:2   | 14854 ||| INVOKING Berserk.
 14856 | Lair:2   | Killed a seven-headed hydra
 14862 | Lair:2   | 14862 ||| SWAPPING to +2 vampiric hand axe.
 14984 | Lair:2   | 14984 ||| SWAPPING to +0 broad axe.
 14985 | Lair:2   | 14985 ||| DROPPING +2 vampiric hand axe.
 14986 | Lair:2   | Found a hole to the Spider Nest.
 15011 | Lair:2   | Noticed a four-headed hydra
 15012 | Lair:2   | 15012 ||| INVOKING Brothers in Arms.
 15013 | Lair:2   | 15013 ||| INVOKING Brothers in Arms.
 15014 | Lair:2   | 15014 ||| INVOKING Brothers in Arms.
 15015 | Lair:2   | 15015 ||| INVOKING Brothers in Arms.
 15016 | Lair:2   | 15016 ||| INVOKING Brothers in Arms.
 15017 | Lair:2   | 15017 ||| INVOKING Brothers in Arms.
 15018 | Lair:2   | 15018 ||| INVOKING Brothers in Arms.
 15019 | Lair:2   | 15019 ||| INVOKING Brothers in Arms.
 15020 | Lair:2   | 15020 ||| SWAPPING to +7 mace "Icre" {vamp, rF- Dex+5}.
 15021 | Lair:2   | 15021 ||| INVOKING Berserk.
 15022 | Lair:2   | Killed a four-headed hydra
 15027 | Lair:2   | 15027 ||| SWAPPING to +0 broad axe.
 15145 | Lair:2   | Noticed a catoblepas
 15146 | Lair:2   | 15146 ||| INVOKING Berserk.
 15149 | Lair:2   | Killed a catoblepas
 15444 | Lair:2   | Found a runed translucent door.
 15444 | Lair:2   | Found a shimmering altar of Xom.
 15444 | Lair:2   | Noticed qw's ghost (journeyman TrCA)
 15524 | Lair:2   | Found a staircase to the Swamp.
 15790 | Lair:2   | 15790 ||| READING scroll labelled RETHREX BIORARR.
 15917 | Lair:3   | 15917 ||| INVOKING Berserk.
 16050 | Lair:3   | Reached skill level 15 in Axes
 16089 | Lair:3   | 16089 ||| Stepping ~*~*~tactically~*~*~ (stealth).
 16095 | Lair:3   | 16095 ||| INVOKING Berserk.
 16587 | Lair:3   | 16587 ||| DROPPING ring of resist corrosion.
 16655 | Lair:4   | 16655 ||| INVOKING Berserk.
 16787 | Lair:4   | 16787 ||| Stepping ~*~*~tactically~*~*~ (stealth).
 16789 | Lair:4   | 16789 ||| Stepping ~*~*~tactically~*~*~ (stealth).
 16796 | Lair:4   | 16796 ||| Stepping ~*~*~tactically~*~*~ (stealth).
 16809 | Lair:4   | Reached skill level 16 in Axes
 16846 | Lair:4   | 16846 ||| Stepping ~*~*~tactically~*~*~ (stealth).
 16860 | Lair:4   | Noticed a four-headed hydra
 16861 | Lair:4   | 16861 ||| Stepping ~*~*~tactically~*~*~ (stealth).
 16879 | Lair:4   | 16879 ||| SWAPPING to +7 mace "Icre" {vamp, rF- Dex+5}.
 16881 | Lair:4   | 16881 ||| INVOKING Berserk.
 16884 | Lair:4   | Killed a four-headed hydra
 16890 | Lair:4   | 16890 ||| SWAPPING to +0 broad axe.
 16970 | Lair:4   | 16970 ||| Stepping ~*~*~tactically~*~*~ (stealth).
 16971 | Lair:4   | 16971 ||| Stepping ~*~*~tactically~*~*~ (stealth).
 17071 | Lair:4   | Found a staircase to the Slime Pits.
 17410 | Lair:4   | 17410 ||| DRINKING potion of cancellation.
 17555 | Lair:4   | 17555 ||| Stepping ~*~*~tactically~*~*~ (stealth).
 17556 | Lair:4   | 17556 ||| INVOKING Berserk.
 17559 | Lair:4   | Reached XP level 13. HP: 124/124 MP: 12/12
 17859 | Lair:4   | 17859 ||| READING scroll labelled ASELOAMPOY.
 17860 | Lair:4   | 17860 ||| READING 6 scrolls of identify.
 17860 | Lair:4   | 17860 ||| IDENTIFYING blue potion
 17861 | Lair:4   | 17861 ||| DROPPING potion of flight.
 17868 | Lair:5   | Entered Level 5 of the Lair of Beasts
 17876 | Lair:5   | 17876 ||| INVOKING Berserk.
 17887 | Lair:5   | 17887 ||| FLEEEEING.
 17888 | Lair:5   | 17888 ||| FLEEEEING.
 17889 | Lair:5   | 17889 ||| FLEEEEING.
 17890 | Lair:5   | 17890 ||| STAIRDANCE
 17994 | Lair:5   | 17994 ||| STAIRDANCE
 17997 | Lair:5   | 17997 ||| STAIRDANCE
 18000 | Lair:4   | Reached skill level 17 in Axes
 18035 | Lair:5   | 18035 ||| STAIRDANCE
 18037 | Lair:5   | 18037 ||| STAIRDANCE
 18044 | Lair:4   | 18044 ||| INVOKING Berserk.
 18121 | Lair:5   | 18121 ||| STAIRDANCE
 18123 | Lair:4   | 18123 ||| INVOKING Berserk.
 18325 | Lair:5   | 18325 ||| INVOKING Berserk.
 18493 | Lair:5   | 18493 ||| INVOKING Berserk.
 18504 | Lair:5   | Reached skill level 18 in Axes
 18654 | Lair:5   | 18654 ||| INVOKING Berserk.
 18776 | Lair:5   | 18776 ||| Stepping ~*~*~tactically~*~*~ (stealth).
 18778 | Lair:5   | 18778 ||| Stepping ~*~*~tactically~*~*~ (stealth).
 18782 | Lair:5   | 18782 ||| INVOKING Berserk.
 18794 | Lair:5   | Reached skill level 9 in Dodging
 18811 | Lair:5   | 18811 ||| Stepping ~*~*~tactically~*~*~ (stealth).
 18812 | Lair:5   | 18812 ||| Stepping ~*~*~tactically~*~*~ (stealth).
 18912 | Lair:5   | Reached skill level 15 in Fighting
 18988 | Lair:5   | 18988 ||| Stepping ~*~*~tactically~*~*~ (stealth).
 19024 | Lair:5   | 19024 ||| Stepping ~*~*~tactically~*~*~ (stealth).
 19056 | Lair:5   | 19056 ||| Stepping ~*~*~tactically~*~*~ (stealth).
 19070 | Lair:5   | 19070 ||| Stepping ~*~*~tactically~*~*~ (hiding).
 19071 | Lair:5   | 19071 ||| Stepping ~*~*~tactically~*~*~ (hiding).
 19113 | Lair:5   | 19113 ||| Stepping ~*~*~tactically~*~*~ (stealth).
 19115 | Lair:5   | 19115 ||| INVOKING Berserk.
 19123 | Lair:5   | 19123 ||| Stepping ~*~*~tactically~*~*~ (stealth).
 19167 | Lair:5   | 19167 ||| Stepping ~*~*~tactically~*~*~ (hiding).
 19182 | Lair:5   | 19182 ||| Stepping ~*~*~tactically~*~*~ (hiding).
 19184 | Lair:5   | 19184 ||| INVOKING Berserk.
 19229 | Lair:5   | 19229 ||| Stepping ~*~*~tactically~*~*~ (hiding).
 19247 | Lair:5   | 19247 ||| Stepping ~*~*~tactically~*~*~ (stealth).
 19250 | Lair:5   | 19250 ||| Stepping ~*~*~tactically~*~*~ (stealth).
 19252 | Lair:5   | 19252 ||| Stepping ~*~*~tactically~*~*~ (stealth).
 19257 | Lair:5   | 19257 ||| Stepping ~*~*~tactically~*~*~ (stealth).
 19262 | Lair:5   | 19262 ||| INVOKING Berserk.
 19439 | Lair:5   | 19439 ||| Stepping ~*~*~tactically~*~*~ (stealth).
 19470 | Lair:5   | 19470 ||| Stepping ~*~*~tactically~*~*~ (hiding).
 19578 | Lair:5   | 19578 ||| Stepping ~*~*~tactically~*~*~ (hiding).
 19590 | Lair:5   | 19590 ||| Stepping ~*~*~tactically~*~*~ (stealth).
 19596 | Lair:5   | 19596 ||| Stepping ~*~*~tactically~*~*~ (hiding).
 19614 | Lair:5   | Reached XP level 14. HP: 127/136 MP: 13/13
 19782 | Lair:5   | Reached ***** piety under Trog
 19816 | Lair:5   | 19816 ||| INVOKING Berserk.
 19823 | Lair:5   | HP: 33/137 [poisoned by a black mamba]
 19828 | Lair:5   | HP: 26/137 [poisoned by a black mamba]
 19975 | Lair:5   | 19975 ||| INVOKING Brothers in Arms.
 19977 | Lair:5   | 19977 ||| SWAPPING to +0 morningstar.
 19978 | Lair:5   | 19978 ||| INVOKING Berserk.
 19988 | Lair:5   | 19988 ||| SWAPPING to +1 broad axe.
 20231 | Lair:5   | 20231 ||| Stepping ~*~*~tactically~*~*~ (hiding).
 20249 | Lair:5   | 20249 ||| INVOKING Berserk.
 20253 | Lair:5   | Reached skill level 15 in Armour
 20366 | Lair:5   | 20366 ||| Stepping ~*~*~tactically~*~*~ (stealth).
 20375 | Lair:5   | 20375 ||| INVOKING Berserk.
 20587 | Lair:5   | Identified the +1 leather armour "Coonwim" {Rampage rF+}
 20603 | Lair:5   | 20603 ||| PLANNING D:1-11
 20603 | Lair:5   | 20603 ||| READING 2 scrolls labelled TOANEG FAAS.
 20604 | Lair:5   | 20604 ||| READING 9 scrolls of identify.
 20604 | Lair:5   | 20604 ||| IDENTIFYING bubbling brown potion
 20605 | Lair:5   | 20605 ||| READING 8 scrolls of identify.
 20605 | Lair:5   | 20605 ||| IDENTIFYING orange potion
 20606 | Lair:5   | 20606 ||| READING 7 scrolls of identify.
 20606 | Lair:5   | 20606 ||| IDENTIFYING fizzy emerald potion
 20607 | Lair:5   | 20607 ||| DROPPING potion of attraction.
 20608 | Lair:5   | 20608 ||| DROPPING scroll of immolation.
 20781 | D:10     | Entered Level 10 of the Dungeon
 21005 | D:10     | Found a glowing silver altar of Zin.
 21087 | D:10     | Found a staircase to the Orcish Mines.
 21106 | D:10     | 21106 ||| INVOKING Berserk.
 21118 | D:10     | HP: 50/205 [poisoned by a gnoll sergeant]
 21123 | D:10     | HP: 28/205 [poisoned by a gnoll sergeant]
 21128 | D:10     | HP: 13/205 [poisoned by a gnoll sergeant]
 21130 | D:10     | HP: 4/137 [poisoned by a gnoll sergeant]
 21131 | D:10     | 21131 ||| DRINKING 7 potions of curing.
 21131 | D:10     | 21131 ||| (to cure poison)
 21318 | D:10     | 21318 ||| UPGRADING to +0 buckler.
 21323 | D:10     | 21323 ||| DROPPING scarf of invisibility.
 21465 | D:11     | 21465 ||| Stepping ~*~*~tactically~*~*~ (stealth).
 21476 | D:11     | Reached skill level 1 in Shields
 21756 | D:11     | Noticed Psyche
 21767 | D:11     | Killed Psyche
 21772 | D:11     | 21772 ||| Stepping ~*~*~tactically~*~*~ (stealth).
 21784 | D:11     | You fall into a shaft and drop 3 floors!
 21787 | D:14     | 21787 ||| Stepping ~*~*~tactically~*~*~ (stealth).
 21792 | D:14     | Reached skill level 3 in Shields
 21874 | D:14     | Found a runed translucent gate.
 21875 | D:14     | Found a runed translucent gate.
 21875 | D:14     | Noticed a frost giant
 21876 | D:14     | Found a runed translucent gate.
 21876 | D:14     | Noticed Onucvo's ghost (journeyman FoFi)
 21926 | D:14     | Found a gate to the Vaults.
 21927 | D:14     | 21927 ||| Stepping ~*~*~tactically~*~*~ (hiding).
 21938 | D:14     | 21938 ||| Stepping ~*~*~tactically~*~*~ (stealth).
 21939 | D:14     | 21939 ||| Stepping ~*~*~tactically~*~*~ (stealth).
 21947 | D:14     | 21947 ||| INVOKING Berserk.
 21964 | D:14     | HP: 43/205 [vault guard/+0 dire flail (27)]
 21968 | D:14     | HP: 17/205 [vault guard/+2 war axe (9)]
 21974 | D:14     | HP: 13/205 [vault guard/+2 war axe (8)]
 21980 | D:14     | HP: 13/205 [vault guard/+0 broad axe (3)]
 21983 | D:14     | Reached skill level 6 in Shields
 21985 | D:14     | 21985 ||| READING 9 scrolls of teleportation.
 21985 | D:14     | HP: 1/137 [vault guard/+0 great sword (11)]
 21986 | D:14     | 21986 ||| DRINKING 2 potions of heal wounds.
 21987 | D:14     | 21987 ||| DRINKING potion of heal wounds.
 22085 | D:14     | 22085 ||| Stepping ~*~*~tactically~*~*~ (hiding).
 22210 | D:14     | 22210 ||| DROPPING scarf of harm.
 22211 | D:14     | 22211 ||| DROPPING +6 ring of dexterity.
 22212 | D:14     | 22212 ||| READING 8 scrolls of identify.
 22212 | D:14     | 22212 ||| IDENTIFYING amethyst potion
 22213 | D:14     | 22213 ||| DROPPING potion of invisibility.
 22218 | D:14     | 22218 ||| Stepping ~*~*~tactically~*~*~ (hiding).
 22391 | D:11     | Noticed Snorg
 22393 | D:11     | 22393 ||| INVOKING Brothers in Arms.
 22394 | D:11     | 22394 ||| INVOKING Berserk.
 22396 | D:11     | Killed Snorg
 22650 | D:11     | 22650 ||| PLANNING D
 22650 | D:11     | 22650 ||| DROPPING orb of wrath.
 22681 | D:12     | 22681 ||| Stepping ~*~*~tactically~*~*~ (hiding).
 22816 | D:12     | Noticed Jorgrun
 22817 | D:12     | 22817 ||| Stepping ~*~*~tactically~*~*~ (stealth).
 22826 | D:12     | 22826 ||| INVOKING Berserk.
 22835 | D:12     | Killed Jorgrun
 22970 | D:12     | 22970 ||| READING scroll of brand weapon.
 22970 | D:12     | 22970 ||| BRANDING +1 broad axe.
 22990 | D:12     | Reached skill level 9 in Shields
 23008 | D:12     | 23008 ||| Stepping ~*~*~tactically~*~*~ (hiding).
 23031 | D:12     | 23031 ||| Stepping ~*~*~tactically~*~*~ (stealth).
 23033 | D:12     | 23033 ||| Stepping ~*~*~tactically~*~*~ (hiding).
 23043 | D:12     | 23043 ||| DRINKING 6 potions of curing.
 23043 | D:12     | 23043 ||| (to cure confusion)
 23188 | D:12     | 23188 ||| READING scroll of enchant weapon.
 23188 | D:12     | 23188 ||| ENCHANTING +1 broad axe of protection.
 23202 | D:12     | 23202 ||| INVOKING Berserk.
 23223 | D:12     | 23223 ||| Stepping ~*~*~tactically~*~*~ (stealth).
 23469 | D:12     | 23469 ||| FLEEEEING.
 23470 | D:12     | 23470 ||| FLEEEEING.
 23474 | D:12     | 23474 ||| FLEEEEING.
 23475 | D:12     | 23475 ||| FLEEEEING.
 23542 | D:12     | 23542 ||| INVOKING Berserk.
 23565 | D:12     | 23565 ||| Stepping ~*~*~tactically~*~*~ (cloud).
 23566 | D:12     | 23566 ||| Stepping ~*~*~tactically~*~*~ (cloud).
 23711 | D:12     | 23711 ||| READING scroll of enchant weapon.
 23711 | D:12     | 23711 ||| ENCHANTING +2 broad axe of protection.
 23775 | D:12     | Found the +10 Black Knight's barding {ponderous, rPois rN+}
 23780 | D:12     | 23780 ||| READING scroll of enchant armour.
 23780 | D:12     | 23780 ||| ENCHANTING +0 cloak.
 23782 | D:12     | 23782 ||| DROPPING ring of willpower.
 23838 | D:13     | Identified the +0 robe "Xyovafau" {rC- Dex+5}
 23851 | D:13     | Noticed Rupert
 23852 | D:13     | 23852 ||| INVOKING Trog's Hand.
 23855 | D:13     | 23855 ||| INVOKING Berserk.
 23865 | D:13     | HP: 26/205 [Rupert/+1 triple sword of venom (27)]
 23866 | D:13     | Killed Rupert
 23868 | D:13     | HP: 9/207 [poisoned by Rupert]
 23870 | D:13     | HP: 3/207 [poisoned by Rupert]
 23871 | D:13     | HP: 1/207 [poisoned by Rupert]
 23872 | D:13     | Succumbed to Rupert's poison

Levels and vault maps discovered:
D:1:      amcnicky_arrival_blooded_trapdoor, layout_basic, minmay_misc_feat_iff
D:2:      layout_loops_corners, ebering_ecumenical_altar_hall
D:3:      layout_loops_ring, gammafunk_temple_overflow_arena
D:4:      layout_loops_ring, mainiacjoe_overflow_tiny_flanked,
          nicolae_gozag_cash_rules_everything_around_me, temple_green,
          nicolae_grassy_gnolls
D:5:      layout_cave_pods, minmay_hollow_rounded_squares, uniq_grinder,
          uniq_eustachio, uniq_prince_ribbit1
D:6:      layout_loops_ring, serial_demonic, serial_demonic_c, serial_demonic_f,
          serial_demonic_d, serial_demonic_e
D:7:      layout_basic, nicolae_concentric_dashed_squares_wild, nicolae_titane,
          uniq_crazy_yiuf_cottage, uniq_maggie
D:8:      layout_basic, gammafunk_temple_overflow_elements
D:9:      layout_rooms, kennysheep_ying_yang, lair_entry_dummy, serial_shops,
          nicolae_shop_waterfront, lightli_corner_chamber
D:10:     layout_rooms, zin_statuary, kennysheep_orc_monster_closet_entryway
D:11:     layout_cross, uniq_snorg, uniq_psyche
D:12:     layout_basic, hangedman_cracks_in_the_wall, uniq_jorgrun
D:13:     cheibrodos_orc_bank, layout_rooms, uniq_rupert
D:14:     minmay_coctagon, layout_basic, erik_vaults_2,
          gammafunk_ghost_fury_of_okawaru, minmay_stone_trees_small,
          worms_lemuel, uniq_roxanne
Lair:1:   layout_cave_pods, beast_lair_carwin_4, lemuel_fruit_tree,
          grunt_megastairs_2
Lair:2:   layout_roguey [special_room_bee], swamp_mist,
          hellmonk_spider_entry_not_the_bees, ebering_ghost_xom
Lair:3:   layout_gridlike, st_stairs_11, chequers_serial_rivers_micro_e,
          ice2_lemuel
Lair:4:   layout_cave_pods, dpeg_slime_entry_corner, serial_bayou_shore_a
Lair:5:   hangedman_lair_caniforms_friends, layout_big_grid,
          hangedman_lair_tendril_chambers,
          portal_ice_cave_entry_animals_and_master

Skill      XL: |  1  2  3  4  5  6  7  8  9 10 11 12 13 14 |
---------------+-------------------------------------------+-----
Axes           | 4 5 6 7 9 10 12 14 16 18 | 18.0
Armour         | 3 4 5 7 9 12 14 15 | 15.0
Fighting       | 4 6 8 11 14 15 16 | 16.4
Throwing       | 2 3 |  3.1
Dodging        | 4 5 7 9 10 | 10.1
Shields        | 10 | 10.0

Action                   |  1- 3 |  4- 6 |  7- 9 | 10-12 | 13-15 || total
-------------------------+-------+-------+-------+-------+-------++-------
Melee: Hand axe          |    78 |   106 |   274 |   432 |       ||   890
       Headbutt          |     4 |    12 |    42 |   109 |   137 ||   304
       Punch             |       |       |     6 |     4 |     2 ||    12
       Broad axe         |       |       |       |   104 |   602 ||   706
       Mace              |       |       |       |     6 |       ||     6
       Morningstar       |       |       |       |       |     4 ||     4
Throw: Boomerang         |       |       |    39 |    60 |     7 ||   106
Invok: Berserk           |     2 |     4 |     5 |    25 |    21 ||    57
       Trog's Hand       |       |       |     1 |       |     1 ||     2
       Brothers in Arms  |       |       |       |     3 |     2 ||     5
  Use: Scroll            |     6 |     5 |     5 |     6 |    12 ||    34
       Potion            |       |       |     3 |     2 |     4 ||     9
 Stab: Petrified         |       |       |       |       |     3 ||     3
Armor: Animal skin       |     3 |       |       |       |       ||     3
       Ring mail         |     7 |       |       |       |       ||     7
       Plate armour      |     9 |    57 |    89 |   252 |   324 ||   731
Dodge: Dodged            |    26 |    26 |    97 |   223 |   289 ||   661
Block: Buckler           |       |       |       |       |    36 ||    36

Table legend:
 A = Non-vault XP
 B = Vault XP
 C = Vault XP percentage of total XP
 D = Non-vault monster count
 E = Vault monster count
 F = Vault count percentage of total count
                 A         B        C        D         E       F
            +---------+---------+-------+---------+---------+-------
      Total |   52641 |   45874 |  46.6 |     344 |     215 |  38.5
            +---------+---------+-------+---------+---------+-------
        D:1 |      23 |       0 |   0.0 |      13 |       0 |   0.0
        D:2 |      50 |       0 |   0.0 |      15 |       0 |   0.0
        D:3 |      46 |       0 |   0.0 |      17 |       0 |   0.0
        D:4 |     285 |      56 |  16.4 |      18 |       4 |  18.2
        D:5 |     491 |    1409 |  74.2 |      21 |      12 |  36.4
        D:6 |     511 |      64 |  11.1 |      23 |       6 |  20.7
        D:7 |    1510 |     398 |  20.9 |      24 |       1 |   4.0
        D:8 |    3635 |       0 |   0.0 |      32 |       0 |   0.0
        D:9 |    1938 |       0 |   0.0 |      19 |       0 |   0.0
       D:10 |     689 |    1794 |  72.3 |       3 |      20 |  87.0
       D:11 |    1650 |    1322 |  44.5 |      15 |       2 |  11.8
       D:12 |    5128 |    4612 |  47.4 |      25 |      13 |  34.2
       D:13 |    1932 |    1852 |  48.9 |       8 |       1 |  11.1
       D:14 |    2653 |    5194 |  66.2 |       8 |       6 |  42.9
     Lair:1 |    6544 |    2635 |  28.7 |      20 |      13 |  39.4
     Lair:2 |    4039 |    2423 |  37.5 |       8 |      31 |  79.5
     Lair:3 |    4268 |    1725 |  28.8 |      19 |      10 |  34.5
     Lair:4 |    8954 |     210 |   2.3 |      29 |       1 |   3.3
     Lair:5 |    8295 |   22180 |  72.8 |      27 |      95 |  77.9
            +---------+---------+-------+---------+---------+-------
